 Dungeon Crawl Stone Soup version 0.31-a0-198-g2ad674f65e (webtiles) character file.

Game seed: 9391425772140970729

172 qw the Skirmisher (level 5, -3/29 HPs)
             Began as a Deep Elf Hunter on June 25, 2023.
             Slain by a wyvern (12 damage)
             ... on level 4 of the Dungeon.
             The game lasted 00:00:48 (2816 turns).

qw the Skirmisher (Deep Elf Hunter)                 Turns: 2816, Time: 00:00:49

Health: -3/29      AC:  7    Str: 10    XL:     5   Next: 27%
Magic:  7/7        EV: 11    Int: 14    God:
Gold:   279        SH:  0    Dex: 18    Spells: 4/4 levels left

rFire   + . .        Y - +2 shortbow
rCold   . . .        (shield currently unavailable)
rNeg    . . .        k - +0 ring mail
rPois   .            (no helmet)
rElec   .            a - +1 cloak
rCorr   +            (no gloves)
SInv    .            (no boots)
Will    .....        (no amulet)
Stlth   +            i - ring of resist corrosion
HPRegen 0.24/turn    n - ring of protection from fire
MPRegen 0.10/turn

%: no passive effects
@: no status effects
A: no striking features
a: no special abilities


You were on level 4 of the Dungeon.
You visited 1 branch of the dungeon, and saw 4 of its levels.

You collected 279 gold pieces.


   Skills:
 - Level 1.5 Fighting
 + Level 8.7 Ranged Weapons
 - Level 2.4 Dodging
 - Level 1.2 Stealth


You had 4 spell levels left.
You didn't know any spells.
Your spell library was empty.

Inventory:

Hand Weapons
 Y - a +2 shortbow (weapon)
Armour
 a - a +1 cloak (worn)
 k - a +0 ring mail (worn)
Jewellery
 i - a ring of resist corrosion (left hand)
 n - a ring of protection from fire (right hand)
Potions
 b - a potion of heal wounds {unknown}
 d - a potion of magic {unknown}
 e - a potion of curing
 f - a potion of ambrosia {unknown}
 g - a potion of haste
 h - a potion of enlightenment
 j - a potion of mutation {unknown}
 l - a potion of degeneration {unknown}
 o - a potion of might {unknown}

Dungeon Overview and Level Annotations

Branches:
Dungeon (4/15)
 Temple: D:4-7

Altars:

Shops:
D:2 :


Message History

What level of the Dungeon? (default 1, ? - help)
You see here 3 poisoned darts.
You are starting to lose your buoyancy.
You float gracefully downwards.
Your enlightenment fades.
You see here a +0 club.
You see here a +0 robe.
There is a stone staircase leading down here.
You climb downwards.
There is a stone staircase leading up here.
Waypoint 3 assigned to D:4.
Found 6 stones.
You now have 279 gold pieces (gained 15).
You see here a +1 dagger of draining.
Found a robe.
A wyvern comes into view.
You shoot an arrow.
The arrow hits the wyvern but does no damage.
The wyvern hisses angrily.
You shoot an arrow. The arrow hits the wyvern.
The wyvern is lightly wounded.
You shoot an arrow.
The arrow hits the wyvern but does no damage.
The wyvern is lightly wounded.
You shoot an arrow. The arrow hits the wyvern.
The wyvern is lightly wounded.
You shoot an arrow.
The arrow hits the wyvern but does no damage.
The wyvern is lightly wounded.
The wyvern bites you. x2
You shoot an arrow. The arrow hits the wyvern!
The wyvern is heavily wounded.
The wyvern misses you. x2
You shoot an arrow.
The arrow hits the wyvern but does no damage.
The wyvern is heavily wounded.
The wyvern bites you!
You shoot an arrow. The arrow closely misses the wyvern.
The wyvern bites you!
You die...

#.....#
#...$.#
#.....#
#.....#
#.....#
#.....###
#l......#
#####@..[.#
#....#....#
##.).####.#
##..####.#
##......#
#####..#
#..# #..#
######..#


You could see a wyvern.

Vanquished Creatures
  A scorpion (D:2)
  5 adders
  2 dart slugs
  An orc (D:3)
  6 ball pythons
  7 endoplasms
  2 giant cockroaches (D:2)
  9 goblins
  5 hobgoblins
  3 jackals (D:3)
  8 kobolds
  2 quokkas
  7 bats
  5 frilled lizards
  3 rats
66 creatures vanquished.

Notes
Turn   | Place    | Note
-------+----------+-------------------------------------------
     0 | D:1      | qw the Deep Elf Hunter began the quest for the Orb.
     0 | D:1      | Reached XP level 1. HP: 12/12 MP: 3/3
     0 | D:1      | 0 ||| qw: Version: 0.3-a-22-g0ed2b0b
     0 | D:1      | 0 ||| qw: Game counter: 4919
     0 | D:1      | 0 ||| qw: Melee chars always use a shield: true
     0 | D:1      | 0 ||| qw: God list: Okawaru
     0 | D:1      | 0 ||| qw: Allow faded altars: false
     0 | D:1      | 0 ||| qw: Do Orc after clearing Dungeon:15 true
     0 | D:1      | 0 ||| qw: Do second Lair branch before Depths: true
     0 | D:1      | 0 ||| qw: Lair rune preference: random
     0 | D:1      | 0 ||| qw: Goals: Normal
     0 | D:1      | 0 ||| PLANNING D:1-11
    15 | D:1      | 15 ||| FLEEEEING.
    16 | D:1      | 16 ||| FLEEEEING.
    17 | D:1      | 17 ||| FLEEEEING.
    29 | D:1      | Found a faded altar of an unknown god.
   160 | D:1      | Reached XP level 2. HP: 16/16 MP: 4/4
   163 | D:1      | Reached skill level 6 in Ranged Weapons
   513 | D:1      | 513 ||| UPGRADING to ring of resist corrosion.
   514 | D:1      | 514 ||| UPGRADING to ring of protection from fire.
   515 | D:1      | 515 ||| READING 2 scrolls labelled ROJ BU CEODE.
   516 | D:1      | 516 ||| READING scroll of enchant weapon.
   516 | D:1      | 516 ||| ENCHANTING +1 shortbow.
   517 | D:1      | 517 ||| READING scroll labelled KIUKAX WEITE.
   549 | D:1      | 549 ||| READING scroll labelled ORULAI UDDE.
   550 | D:1      | 550 ||| READING scroll labelled BETUOF SINAU.
   651 | D:1      | 651 ||| READING scroll labelled TIOWKID MATHREM.
   656 | D:1      | 656 ||| DRINKING 2 bubbling cyan potions.
   657 | D:1      | 657 ||| DRINKING 2 ruby potions.
   658 | D:1      | 658 ||| DROPPING scroll of butterflies.
   803 | D:2      | Reached XP level 3. HP: 20/20 MP: 5/5
   929 | D:2      | Noticed a scorpion
   935 | D:2      | Killed a scorpion
   936 | D:2      | Reached skill level 7 in Ranged Weapons
   936 | D:2      | Reached XP level 4. HP: 25/25 MP: 6/6
   941 | D:2      | Identified the +0 hat "Dunitae" {MP+9}
   991 | D:2      | Found Osiucsik's Book Boutique.
  1009 | D:2      | 1009 ||| UPGRADING to +1 cloak.
  1016 | D:2      | 1016 ||| DROPPING +0 hat "Dunitae" {MP+9}.
  1304 | D:2      | Reached skill level 8 in Ranged Weapons
  1980 | D:3      | Reached XP level 5. HP: 19/29 MP: 7/7
  2685 | D:3      | 2685 ||| UPGRADING to +0 ring mail.
  2695 | D:3      | 2695 ||| DROPPING +0 leather armour.
  2696 | D:3      | 2696 ||| READING scroll labelled NUGUIH LIEROCE.
  2697 | D:3      | 2697 ||| DRINKING 2 yellow potions.
  2808 | D:4      | Noticed a wyvern
  2816 | D:4      | Slain by a wyvern

Levels and vault maps discovered:
D:1:      minmay_arrival_three_doors, layout_rooms,
          shapermc_ecumenical_altar_mp_ritualfount, corexii_corridor_pit,
          minmay_tromino_v7
D:2:      layout_loops_corners, serial_shops, nicolae_book_shop_shelving
D:3:      minmay_door_path, layout_loops_cross, roderic_serpentine_path,
          chequers_serial_rivers_large_a, hangedman_feature_mirror,
          minmay_misc_feat_alley, dreamdust_princess_bridge
D:4:      layout_basic, grunt_temple_overflow_diamond

Skill      XL: |  1  2  3  4 |
---------------+-------------+-----
Ranged Weapons | 6 7 8 |  8.7
Fighting       | |  1.5
Dodging        | |  2.4
Stealth        | |  1.2

Action                     |  1- 3 |  4- 6 || total
---------------------------+-------+-------++-------
   Fire: Shortbow          |    50 |   102 ||   152
    Use: Scroll            |     6 |     1 ||     7
         Potion            |     2 |     1 ||     3
 Armour: Leather armour    |     5 |    14 ||    19
  Dodge: Dodged            |     3 |    33 ||    36

Table legend:
 A = Non-vault XP
 B = Vault XP
 C = Vault XP percentage of total XP
 D = Non-vault monster count
 E = Vault monster count
 F = Vault count percentage of total count
                 A         B        C        D         E       F
            +---------+---------+-------+---------+---------+-------
      Total |     211 |      36 |  14.6 |      58 |       8 |  12.1
            +---------+---------+-------+---------+---------+-------
        D:1 |      28 |       6 |  17.6 |      16 |       4 |  20.0
        D:2 |     120 |       0 |   0.0 |      20 |       0 |   0.0
        D:3 |      63 |      30 |  32.3 |      22 |       4 |  15.4
            +---------+---------+-------+---------+---------+-------
